 Dungeon Crawl Stone Soup version 0.31.0-32-g396128a36d (webtiles) character file.

Game seed: 11550113829672807981

369 Cuillere the Firebug (level 6, 0/47 HPs)
             Began as a Gnoll Wanderer on Apr 21, 2024.
             Slain by a +3 spectral club (3 damage)
             ... created by Ijyb
             ... on level 4 of the Dungeon.
             The game lasted 00:04:29 (2670 turns).

Cuillere the Firebug (Gnoll Wanderer)               Turns: 2670, Time: 00:04:30

Health: 0/47       AC:  6    Str: 14    XL:     6   Next: 70%
Magic:  11/11      EV: 11    Int:  8    God:
Gold:   203        SH:  0    Dex: 18    Spells: 8/12 levels left

rFire   . . .        o - +3 rapier (speed)
rCold   + . .        (no shield)
rNeg    . . .        l - +0 ring mail
rPois   .            g - +0 helmet
rElec   .            (no cloak)
rCorr   .            (no gloves)
SInv    .            (no boots)
Will    .....        p - amulet "Voany" {Regen+ Dex+4}
Stlth   ++           i - ring of protection from cold
HPRegen 1.07/turn    (no ring)
MPRegen 0.12/turn

%: no passive effects
@: mighty, lethally poisoned (0 -> 0)
A: fangs 1, strong nose, distributed training
a: no special abilities


You were on level 4 of the Dungeon.
You visited 1 branch of the dungeon, and saw 4 of its levels.

You collected 203 gold pieces.

Inventory:

Hand Weapons
 a - a +0 mace
 c - a +0 dagger
 f - a +0 spear
 o - a +3 rapier of speed (weapon)
Missiles
 b - 18 poisoned darts (quivered)
Armour
 e - a +0 leather armour
 g - a +0 helmet (worn)
 l - a +0 ring mail (worn)
Jewellery
 i - a ring of protection from cold (left hand)
 p - the amulet "Voany" (around neck) {Regen+ Dex+4}
   (You acquired it on level 3 of the Dungeon)

   [amulet of regeneration]

   Dex+4:     It affects your dexterity (+4).
   Regen+:    It increases your rate of health regeneration.
Scrolls
 h - a scroll of immolation
 r - a scroll of brand weapon {unknown}
Potions
 d - 2 potions of lignification
 j - a potion of magic {unknown}
 k - a potion of mutation {unknown}
 n - a potion of heal wounds {unknown}
 q - 2 potions of curing {unknown}


   Skills:
 + Level 3.4 Fighting
 + Level 2.1 Short Blades
 + Level 2.1 Long Blades
 + Level 2.1 Axes
 + Level 3.4 Maces & Flails
 + Level 2.1 Polearms
 + Level 2.1 Staves
 + Level 2.1 Ranged Weapons
 + Level 3.4 Throwing
 + Level 3.4 Armour
 + Level 2.1 Dodging
 + Level 3.2 Stealth
 + Level 2.1 Shields
 + Level 2.1 Unarmed Combat
 + Level 3.5 Spellcasting
 + Level 1.7 Conjurations
 + Level 1.7 Hexes
 + Level 1.7 Summonings
 + Level 1.7 Necromancy
 + Level 1.7 Translocations
 + Level 7.3 Fire Magic
 + Level 1.7 Ice Magic
 + Level 1.7 Air Magic
 + Level 1.7 Earth Magic
 + Level 1.7 Alchemy
 + Level 2.4 Invocations
 + Level 2.1 Evocations
 + Level 2.0 Shapeshifting


You had 8 spell levels left.
You knew the following spells:

 Your Spells              Type           Power      Damage    Failure   Level
a - Foxfire               Conj/Fire      32%        2x1d5     10%         1
b - Passwall              Erth           4%         N/A       65%         3

Your spell library contained the following spells:

 Spells                   Type           Power      Damage    Failure   Level
 Sandblast                Erth           8%         2d5       30%         1
 Stone Arrow              Conj/Erth      8%         3d7       65%         3
 Flame Wave               Conj/Fire      8%         2d5       67%         4
 Sticky Flame             Fire/Alch      8%         2d4       67%         4
 Brom's Barrelling Bould  Conj/Erth      4%         2d3       96%         4


Dungeon Overview and Level Annotations

Branches:
Dungeon (4/15)
 Temple: D:4-7

Altars:
Ashenzari
Fedhas

Annotations:
D:4 Ijyb


Innate Abilities, Weirdness & Mutations

You have very sharp teeth.
Your uncanny sense of smell can sniff out nearby items.
Your experience applies equally to all skills.


Message History

The scorpion stings you.
You are poisoned.
The scorpion poisons you!
You closely miss the scorpion.
The scorpion is moderately wounded.
You feel very sick. The scorpion stings you. Ijyb barely misses you.
The +3 spectral club hits you.
A +3 spectral club comes into view.
You are too injured to fight recklessly!
You are too injured to fight recklessly!
You feel very sick.
You feel sick.
The +3 spectral club disappears.
Ijyb screams, "Die!"
You feel very mighty all of a sudden.
You feel sick.
You puncture the scorpion! You bite the scorpion.
You kill the scorpion!
You feel sick.
Your Shapeshifting skill increases to level 2!
You feel sick. Ijyb hits you but does no damage.
The +3 spectral club closely misses you.
A +3 spectral club comes into view.
You see here a scorpion corpse.
You closely miss Ijyb. Ijyb barely misses you. The +3 spectral club hits you.
* * * LOW HITPOINT WARNING * * *
You barely miss Ijyb. Your bite misses Ijyb.
You feel sick.
Ijyb zaps a wand.
The bolt of light hits you!
* * * LOW HITPOINT WARNING * * *
You feel sick.
The +3 spectral club disappears.
Ijyb attacks as she pursues you! Ijyb hits you but does no damage.
The +3 spectral club hits you.
* * * LOW HITPOINT WARNING * * *
A +3 spectral club comes into view.
Okay, then.
Okay, then.
You hit Ijyb but do no damage.
You feel sick. Ijyb hits you with a +3 spectral club.
* * * LOW HITPOINT WARNING * * *
The +3 spectral club hits you.
You die...

...~≈~≈≈≈≈≈≈..
####.#..~~≈≈~~≈..#
#..... ...~~~....#
#.#..# ##........# #....
####.#...# ## #.#.#
#.....# ... ###.#.##
######...#
....#......####.........
......(@#.........†.....
....#.#g##.####.........
.. #....#.# #####.....
#.#..#.# #.###. #.##>#.#
#.# . # ...# #.# . .###
#.. .# ## .#


You could see a +3 spectral club (wandering) and Ijyb.

Vanquished Creatures
  A sky beast (D:4)
  A scorpion (D:4)
  An iguana (D:2)
  3 orc wizards
  3 adders
  3 dart slugs
  10 orcs
  3 endoplasms
  3 giant cockroaches
  15 goblins
  6 hobgoblins
  7 jackals
  4 kobolds
  3 quokkas
  10 ball pythons
  7 bats
  3 frilled lizards
  5 rats
88 creatures vanquished.

Notes
Turn   | Place    | Note
-------+----------+-------------------------------------------
     0 | D:1      | Cuillere the Gnoll Wanderer began the quest for the Orb.
     0 | D:1      | Cuillere set off with the following items: a +0 mace, 13
                  | poisoned darts, a +0 dagger, a potion of lignification, a
                  | +0 leather armour; and the following spell memorised:
                  | Foxfire; and the following spells available to memorise:
                  | Flame Wave, Sticky Flame.
     0 | D:1      | Reached XP level 1. HP: 17/17 MP: 4/4
   118 | D:1      | Reached XP level 2. HP: 22/23 MP: 5/5
   420 | D:1      | Reached XP level 3. HP: 28/28 MP: 7/7
   761 | D:2      | Reached skill level 1 in Invocations
   824 | D:2      | Reached skill level 1 in Short Blades
   824 | D:2      | Reached skill level 1 in Long Blades
   824 | D:2      | Reached skill level 1 in Axes
   824 | D:2      | Reached skill level 1 in Polearms
   824 | D:2      | Reached skill level 1 in Staves
   824 | D:2      | Reached skill level 1 in Ranged Weapons
   824 | D:2      | Reached skill level 1 in Dodging
   824 | D:2      | Reached skill level 1 in Shields
   824 | D:2      | Reached skill level 1 in Unarmed Combat
   824 | D:2      | Reached skill level 1 in Evocations
   952 | D:2      | Reached skill level 1 in Shapeshifting
   952 | D:2      | Reached XP level 4. HP: 34/34 MP: 8/8
  1112 | D:2      | Learned a level 3 spell: Passwall
  1269 | D:2      | Reached skill level 1 in Conjurations
  1269 | D:2      | Reached skill level 1 in Hexes
  1269 | D:2      | Reached skill level 1 in Summonings
  1269 | D:2      | Reached skill level 1 in Necromancy
  1269 | D:2      | Reached skill level 1 in Translocations
  1269 | D:2      | Reached skill level 1 in Ice Magic
  1269 | D:2      | Reached skill level 1 in Air Magic
  1269 | D:2      | Reached skill level 1 in Earth Magic
  1269 | D:2      | Reached skill level 1 in Alchemy
  1733 | D:3      | Reached XP level 5. HP: 25/40 MP: 9/9
  2432 | D:3      | Identified a scroll of acquirement
  2432 | D:3      | Acquired the amulet "Voany" {Regen+ Dex+4}
  2572 | D:4      | Found a blossoming altar of Fedhas.
  2589 | D:4      | Found a broken altar of Ashenzari.
  2615 | D:4      | Noticed a sky beast
  2636 | D:4      | Killed a sky beast
  2637 | D:4      | Reached XP level 6. HP: 47/47 MP: 11/11
  2656 | D:4      | Noticed Ijyb
  2670 | D:4      | Slain by a +3 spectral club

Illustrated notes

Levels and vault maps discovered:
D:1:      minmay_arrival_semitransparent, layout_rooms, moated_statue,
          minmay_pentomino_s4
D:2:      layout_loops_ring, grunt_decor_mini_mirrors, kennysheep_doodads
D:3:      layout_rooms, serial_bayou_lake_a
D:4:      layout_loops_cross, kennysheep_little_box, fedhas_ov_isle_minmay,
          slow_altar_2, uniq_blork_the_orc, uniq_edmund, uniq_sigmund, uniq_ijyb

Skill      XL: |  1  2  3  4  5  6 |
---------------+-------------------+-----
Invocations    | 1 2 |  2.4
Short Blades   | 1 2 |  2.1
Long Blades    | 1 2 |  2.1
Axes           | 1 2 |  2.1
Polearms       | 1 2 |  2.1
Staves         | 1 2 |  2.1
Ranged Weapons | 1 2 |  2.1
Dodging        | 1 2 |  2.1
Shields        | 1 2 |  2.1
Unarmed Combat | 1 2 |  2.1
Evocations     | 1 2 |  2.1
Shapeshifting  | 1 2 |  2.0
Spellcasting   | 3 |  3.5
Conjurations   | 1 |  1.7
Hexes          | 1 |  1.7
Summonings     | 1 |  1.7
Necromancy     | 1 |  1.7
Translocations | 1 |  1.7
Ice Magic      | 1 |  1.7
Air Magic      | 1 |  1.7
Earth Magic    | 1 |  1.7
Alchemy        | 1 |  1.7
Fighting       | 3 |  3.4
Maces & Flails | 3 |  3.4
Throwing       | 3 |  3.4
Armour         | 3 |  3.4
Stealth        | 3 |  3.2
Fire Magic     | |  7.3

Action                     |  1- 3 |  4- 6 || total
---------------------------+-------+-------++-------
  Melee: Spear             |   174 |    36 ||   210
         Bite              |    17 |    24 ||    41
         Rapier            |       |   207 ||   207
         Punch             |       |     2 ||     2
    Use: Scroll            |     5 |     4 ||     9
         Potion            |       |     1 ||     1
   Stab: Sleeping          |     3 |     4 ||     7
 Armour: Leather armour    |    10 |       ||    10
         Ring mail         |    80 |   173 ||   253
  Dodge: Dodged            |    90 |   113 ||   203
